MLB
TORONTO BLUE JAYS @ HOUSTON ASTROS
06/05/2044
 
TOP OF THE 1ST
Toronto Blue Jays batting - Pitching for Houston Astros : RHP Kevin Ovens-Toots
Pitching: RHP Kevin Ovens-Toots
Batting: LHB Jon Schick 0-0: Fly out, F9 (Flyball, 9LS, EV 91.9 MPH)
Batting: RHB Shigem Kubo 0-0: Foul Ball, location: 2F
0-1: Swinging Strike
0-2: Ball
1-2: Ball
2-2: Ball
3-2: Foul Ball, location: 2F
3-2: Ground out 5-3 (Groundball, 56, EV 86.9 MPH)
Batting: RHB Ruben Velasco 0-0: Called Strike
0-1: Ball
1-1: Foul Ball, location: 2F
1-2: Ball
2-2: Ball
3-2: Base on Balls
Batting: RHB Kirk Arp 0-0: Called Strike
0-1: SINGLE (Groundball, 4M, EV 106.9 MPH) (infield hit)
Ruben Velasco to second
Batting: LHB Gabe White 0-0: Fly out, F7 (Line Drive, 7D, EV 94.4 MPH)
Top of the 1st over - 0 runs, 1 hit, 0 errors, 2 left on base; Toronto 0 - Houston 0
BOTTOM OF THE 1ST
Houston Astros batting - Pitching for Toronto Blue Jays : RHP Timo Lantinga
Pitching: RHP Timo Lantinga
Batting: RHB Matt Thompson 0-0: Swinging Strike
0-1: Called Strike
0-2: Ball
1-2: Strikes out swinging, 2-3 out at first.
Batting: LHB Bob Myers 0-0: Ball
1-0: Called Strike
1-1: Foul Ball, location: 2F
1-2: Ground out 4-3 (Groundball, 4MD, EV 99.4 MPH)
Batting: LHB Ian Jarvis 0-0: Ball
1-0: Fly out, F8 (Line Drive, 8LM, EV 94.4 MPH)
Bottom of the 1st over - 0 runs, 0 hits, 0 errors, 0 left on base; Toronto 0 - Houston 0
TOP OF THE 2ND
Toronto Blue Jays batting - Pitching for Houston Astros : RHP Kevin Ovens-Toots
Batting: LHB Isto Mäyrä 0-0: Swinging Strike
0-1: Foul Ball, location: 2F
0-2: Ball
1-2: Ball
2-2: Fly out, F7 (Flyball, 78M, EV 92.5 MPH)
Batting: RHB Tommy Mize 0-0: Ball
1-0: Ball
2-0: Ball
3-0: Called Strike
3-1: Called Strike
3-2: SINGLE (Line Drive, 8RM, EV 112.5 MPH)
Batting: RHB Cole Zelinski 0-0: Ball
1-0: Ball
2-0: Foul Ball, location: 2F
2-1: Foul Ball, location: 2F
2-2: Foul Ball, location: 2F
2-2: Ground out 6-3 (Groundball, P, EV 86.9 MPH)
Tommy Mize to second
Batting: SHB Dylan Novakowski 0-0: Foul Ball, location: 2F
0-1: Foul Ball, location: 2F
0-2: Fly out, F9 (Flyball, 9, EV 86.3 MPH)
Top of the 2nd over - 0 runs, 1 hit, 0 errors, 1 left on base; Toronto 0 - Houston 0
BOTTOM OF THE 2ND
Houston Astros batting - Pitching for Toronto Blue Jays : RHP Timo Lantinga
Batting: RHB Danny Dyer 0-0: Ball
1-0: Fly out, F8 (Line Drive, 8LM, EV 96.9 MPH)
Batting: LHB Bryce Hill 0-0: Swinging Strike
0-1: Foul Ball, location: 2F
0-2: Ground out 4-3 (Groundball, 4D, EV 103.1 MPH)
Batting: RHB Trevor Mock 0-0: Ground out 6-3 (Groundball, 6, EV 101.9 MPH)
Bottom of the 2nd over - 0 runs, 0 hits, 0 errors, 0 left on base; Toronto 0 - Houston 0
TOP OF THE 3RD
Toronto Blue Jays batting - Pitching for Houston Astros : RHP Kevin Ovens-Toots
Batting: LHB Jon Schick 0-0: Ball
1-0: Called Strike
1-1: Foul Ball, location: 2F
1-2: Ball
2-2: Foul Ball, location: 2F
2-2: Ball
3-2: SINGLE (Groundball, 25, EV 65.6 MPH) (infield hit)
Batting: RHB Shigem Kubo 0-0: Called Strike
Jon Schick steals 2nd base
0-1: Swinging Strike
0-2: Ball
1-2: Ball
2-2: Ball
3-2: Ground out 6-3 (Groundball, 6, EV 105.0 MPH)
Batting: RHB Ruben Velasco 0-0: Ball
1-0: Called Strike
1-1: Called Strike
1-2: Foul Ball, location: 2F
1-2: SINGLE (Line Drive, 34D, EV 98.8 MPH)
Jon Schick to third
Batting: RHB Kirk Arp 0-0: Ball
1-0: Called Strike
Ruben Velasco steals 2nd base (no throw)
1-1: Called Strike
1-2: Strikes out swinging
Batting: LHB Gabe White 0-0: Called Strike
0-1: Ground out 6-3 (Groundball, 6, EV 85.0 MPH)
Top of the 3rd over - 0 runs, 2 hits, 0 errors, 2 left on base; Toronto 0 - Houston 0
BOTTOM OF THE 3RD
Houston Astros batting - Pitching for Toronto Blue Jays : RHP Timo Lantinga
Batting: RHB Josh Froyd 0-0: Called Strike
0-1: Ball
1-1: Ball
2-1: Foul Ball, location: 2F
2-2: Ball
3-2: Ground out 5-3 (Groundball, 5S, EV 88.1 MPH)
Batting: RHB Jeremy Trump 0-0: Called Strike
0-1: Ball
1-1: Foul Ball, location: 2F
1-2: Strikes out swinging
Batting: SHB Nate Kopchak 0-0: Ground out 4-3 (Groundball, 4, EV 88.1 MPH)
Bottom of the 3rd over - 0 runs, 0 hits, 0 errors, 0 left on base; Toronto 0 - Houston 0
TOP OF THE 4TH
Toronto Blue Jays batting - Pitching for Houston Astros : RHP Kevin Ovens-Toots
Batting: LHB Isto Mäyrä 0-0: Called Strike
0-1: Ball
1-1: Ground out U3 (Groundball, 13, EV 85.6 MPH)
Batting: RHB Tommy Mize 0-0: Ball
1-0: Foul Ball, location: 2F
1-1: Swinging Strike
1-2: Foul Ball, location: 2F
1-2: Ball
2-2: Ground out 5-3 (Groundball, 56S, EV 62.5 MPH)
Batting: RHB Cole Zelinski 0-0: Foul Ball, location: 2F
0-1: SOLO HOME RUN (Flyball, 9D, EV 99.4 MPH), Distance : 391 ft
Batting: SHB Dylan Novakowski 0-0: Ball
1-0: Called Strike
1-1: Called Strike
1-2: Foul Ball, location: 2F
1-2: SINGLE (Groundball, 56, EV 104.4 MPH) (infield hit)
Batting: LHB Jon Schick 0-0: Ball
Wild Pitch!
Dylan Novakowski to second
1-0: Ball
2-0: Fly out, F4 (Line Drive, 4, EV 63.8 MPH)
Top of the 4th over - 1 run, 2 hits, 0 errors, 1 left on base; Toronto 1 - Houston 0
BOTTOM OF THE 4TH
Houston Astros batting - Pitching for Toronto Blue Jays : RHP Timo Lantinga
Batting: RHB Matt Thompson 0-0: Ground out 4-3 (Groundball, 4, EV 90.6 MPH)
Batting: LHB Bob Myers 0-0: Fly out, F8 (Line Drive, 8LM, EV 100.0 MPH)
Batting: LHB Ian Jarvis 0-0: Called Strike
0-1: Fly out, F8 (Flyball, 8LD, EV 87.5 MPH)
Bottom of the 4th over - 0 runs, 0 hits, 0 errors, 0 left on base; Toronto 1 - Houston 0
TOP OF THE 5TH
Toronto Blue Jays batting - Pitching for Houston Astros : RHP Kevin Ovens-Toots
Batting: RHB Shigem Kubo 0-0: Swinging Strike
0-1: Called Strike
0-2: Ball
1-2: Ball
2-2: Foul Ball, location: 2F
2-2: Foul Ball, location: 2F
2-2: Strikes out swinging
Batting: RHB Ruben Velasco 0-0: Called Strike
0-1: Ball
1-1: Ground out 5-3 (Groundball, 5L, EV 105.0 MPH)
Batting: RHB Kirk Arp 0-0: Swinging Strike
0-1: Ball
1-1: Foul Ball, location: 2F
1-2: Ball
2-2: Strikes out looking
Top of the 5th over - 0 runs, 0 hits, 0 errors, 0 left on base; Toronto 1 - Houston 0
BOTTOM OF THE 5TH
Houston Astros batting - Pitching for Toronto Blue Jays : RHP Timo Lantinga
Batting: RHB Danny Dyer 0-0: Ball
1-0: Called Strike
1-1: Foul Ball, location: 2F
1-2: Strikes out swinging
Batting: LHB Bryce Hill 0-0: Ball
1-0: Ball
2-0: Ball
3-0: Ground out 4-3 (Groundball, 4, EV 82.5 MPH)
Batting: RHB Trevor Mock 0-0: Ball
1-0: Ball
2-0: Called Strike
2-1: Foul Ball, location: 2F
2-2: Fly out, F8 (Line Drive, 8LM, EV 98.8 MPH)
Bottom of the 5th over - 0 runs, 0 hits, 0 errors, 0 left on base; Toronto 1 - Houston 0
TOP OF THE 6TH
Toronto Blue Jays batting - Pitching for Houston Astros : RHP Kevin Ovens-Toots
Batting: LHB Gabe White 0-0: Ball
1-0: SINGLE (Flyball, 7LS, EV 96.9 MPH)
Batting: LHB Isto Mäyrä 0-0: Swinging Strike
0-1: SINGLE (Groundball, 34S, EV 71.9 MPH) (infield hit)
Gabe White to second
Batting: RHB Tommy Mize 0-0: Called Strike
0-1: Foul Ball, location: 2F
0-2: Fly out, F8 (Flyball, 8RM, EV 75.0 MPH)
Batting: RHB Cole Zelinski 0-0: Ball
1-0: Ball
Gabe White steals 3rd base
Isto Mäyrä to second
2-0: Called Strike
2-1: Fly out, F9 (Line Drive, 9S, EV 109.4 MPH)
Batting: SHB Dylan Novakowski 0-0: Ball
1-0: Ball
2-0: Foul Ball, location: 2F
2-1: Ball
3-1: Base on Balls
Pitching: RHP Kyle McPeak
Batting: LHB Jon Schick 0-0: Foul Ball, location: 2F
0-1: Foul Ball, location: 2F
0-2: Strikes out swinging
Top of the 6th over - 0 runs, 2 hits, 0 errors, 3 left on base; Toronto 1 - Houston 0
BOTTOM OF THE 6TH
Houston Astros batting - Pitching for Toronto Blue Jays : RHP Timo Lantinga
Batting: RHB Josh Froyd 0-0: Called Strike
0-1: Ball
1-1: Ground out U3 (Groundball, 3, EV 81.3 MPH)
Batting: RHB Jeremy Trump 0-0: Ball
1-0: Foul Ball, location: 2F
1-1: Foul Ball, location: 2F
1-2: Ball
2-2: Foul Ball, location: 2F
2-2: Ball
3-2: SINGLE (Groundball, 5S, EV 75.6 MPH) (infield hit)
Batting: SHB Nate Kopchak 0-0: DOUBLE (Line Drive, 9LM, EV 111.3 MPH)
Jeremy Trump to third
Runner from 3rd tries for Home, SAFE, throw by RF to trailing runner, SAFE at third!
Batting: RHB Matt Thompson 0-0: Squeeze Bunt to 13 - play home, runner scores, batter safe!
Nate Kopchak scores
Batting: LHB Bob Myers 0-0: Called Strike
0-1: Foul Ball, location: 2F
0-2: Foul Ball, location: 2F
0-2: Ball
1-2: Ball
2-2: Strikes out swinging
Batting: LHB Ian Jarvis 0-0: Ball
1-0: Called Strike
1-1: Ball
2-1: Ball
3-1: SINGLE (Groundball, 4MD, EV 94.4 MPH)
Matt Thompson to second
Runner from 2nd tries for 3rd, SAFE, throw by CF made to third
Batting: RHB Danny Dyer 0-0: Foul Ball, location: 2F
0-1: Called Strike
0-2: Fly out, F3 (Flyball, 3D, EV 88.1 MPH)
Bottom of the 6th over - 2 runs, 3 hits, 0 errors, 2 left on base; Toronto 1 - Houston 2
TOP OF THE 7TH
Toronto Blue Jays batting - Pitching for Houston Astros : RHP Kyle McPeak
Batting: RHB Shigem Kubo 0-0: Fly out, F7 (Flyball, 7, EV 79.4 MPH)
Batting: RHB Ruben Velasco 0-0: Foul Ball, location: 2F
0-1: Ball
1-1: Ball
2-1: Foul Ball, location: 2F
2-2: Ball
3-2: Foul Ball, location: 2F
3-2: Ground out 6-3 (Groundball, 6, EV 83.1 MPH)
Batting: RHB Kirk Arp 0-0: Ball
1-0: Called Strike
1-1: DOUBLE (Line Drive, 9LM, EV 105.0 MPH)
Batting: LHB Gabe White 0-0: Ball
1-0: Ball
2-0: Ball
Wild Pitch!
Kirk Arp to third
Balk!
Kirk Arp scores
3-0: Called Strike
3-1: Ground out 1-3 (Groundball, P, EV 68.1 MPH)
Top of the 7th over - 1 run, 1 hit, 0 errors, 0 left on base; Toronto 2 - Houston 2
BOTTOM OF THE 7TH
Houston Astros batting - Pitching for Toronto Blue Jays : RHP Timo Lantinga
Batting: LHB Bryce Hill 0-0: Fly out, F9 (Line Drive, 9, EV 94.4 MPH)
Batting: RHB Trevor Mock 0-0: Called Strike
0-1: Ground out 5-3 (Groundball, 56S, EV 88.8 MPH)
Batting: RHB Josh Froyd 0-0: Ball
1-0: Ground out 6-3 (Groundball, 6, EV 95.6 MPH)
Bottom of the 7th over - 0 runs, 0 hits, 0 errors, 0 left on base; Toronto 2 - Houston 2
TOP OF THE 8TH
Toronto Blue Jays batting - Pitching for Houston Astros : RHP Kyle McPeak
Pitching: RHP Mike Staus
Batting: LHB Isto Mäyrä 0-0: Ball
1-0: SINGLE (Flyball, 5D, EV 90.6 MPH)
Pinch Hitting: SHB Zory Larikov 0-0: Called Strike
0-1: Ball
1-1: Fielders Choice at 2nd, 4-6 (Groundball, 34D, EV 83.8 MPH)
Batting: RHB Cole Zelinski 0-0: Ball
Zory Larikov steals 2nd base
1-0: Fly out, F8 (Flyball, 89D, EV 83.1 MPH)
Runner from 2nd tags up, SAFE at 3rd, no throw by CF
Batting: SHB Dylan Novakowski 0-0: Ball
1-0: Ground out 5-3 (Groundball, 25, EV 80.6 MPH)
Top of the 8th over - 0 runs, 1 hit, 0 errors, 1 left on base; Toronto 2 - Houston 2
BOTTOM OF THE 8TH
Houston Astros batting - Pitching for Toronto Blue Jays : RHP Timo Lantinga
Now at 3B: Jerry Jauregui
Batting: SHB Joe Gardner 0-0: Ball
1-0: Ground out 4-3 (Groundball, 4D, EV 81.9 MPH)
Batting: SHB Nate Kopchak 0-0: Swinging Strike
0-1: Ball
1-1: Swinging Strike
1-2: Ball
2-2: Fly out, F8 (Flyball, 8RM, EV 90.6 MPH)
Batting: RHB Matt Thompson 0-0: Foul Ball, location: 2F
0-1: Swinging Strike
0-2: Foul Ball, location: 2F
0-2: Foul Ball, location: 2F
0-2: Foul Ball, location: 2F
0-2: Strikes out swinging
Bottom of the 8th over - 0 runs, 0 hits, 0 errors, 0 left on base; Toronto 2 - Houston 2
TOP OF THE 9TH
Toronto Blue Jays batting - Pitching for Houston Astros : RHP Mike Staus
Batting: LHB Jon Schick 0-0: Ball
1-0: Foul Ball, location: 2F
1-1: Swinging Strike
1-2: Ball
2-2: Ball
3-2: Foul Ball, location: 2F
3-2: Fly out, F9 (Flyball, 9LM, EV 80.6 MPH)
Batting: RHB Shigem Kubo 0-0: Ball
1-0: SOLO HOME RUN (Flyball, 8RXD, EV 103.1 MPH), Distance : 420 ft
Batting: RHB Ruben Velasco 0-0: Ball
1-0: Foul Ball, location: 2F
1-1: SINGLE (Groundball, 34D, EV 103.1 MPH)
Batting: RHB Kirk Arp 0-0: Foul Ball, location: 2F
0-1: Swinging Strike
0-2: SINGLE (Groundball, 56D, EV 99.4 MPH)
Ruben Velasco to second
Batting: LHB Gabe White 0-0: SINGLE (Groundball, 6MS, EV 66.9 MPH) (infield hit)
Ruben Velasco to third
Kirk Arp to second
Batting: LHB Isto Mäyrä 0-0: Ball
1-0: Called Strike
1-1: Ball
2-1: Called Strike
2-2: Ball
3-2: Strikes out swinging
Batting: RHB Jerry Jauregui 0-0: Ball
1-0: Called Strike
1-1: Called Strike
1-2: Ball
2-2: Ball
3-2: Base on Balls
Ruben Velasco scores
Kirk Arp to third
Gabe White to second
Pitching: RHP Bill Dillard
Batting: RHB Cole Zelinski 0-0: Ball
1-0: Foul Ball, location: 2F
1-1: Called Strike
1-2: Ground out 3-1 (Groundball, 34S, EV 90.6 MPH)
Top of the 9th over - 2 runs, 4 hits, 0 errors, 3 left on base; Toronto 4 - Houston 2
BOTTOM OF THE 9TH
Houston Astros batting - Pitching for Toronto Blue Jays : RHP Timo Lantinga
Pitching: RHP J.J. Thompson
Batting: LHB Bob Myers 0-0: Ball
1-0: Called Strike
1-1: SOLO HOME RUN (Flyball, 89XD, EV 103.1 MPH), Distance : 422 ft
Batting: LHB Ian Jarvis 0-0: Ball
1-0: Called Strike
1-1: Swinging Strike
1-2: Ball
2-2: Ball
3-2: Base on Balls
Batting: RHB Danny Dyer 0-0: Called Strike
0-1: Swinging Strike
0-2: Ball
1-2: Foul Ball, location: 2F
1-2: Strikes out swinging
Batting: LHB Bryce Hill 0-0: Foul Ball, location: 2F
0-1: Ball
1-1: Ball
2-1: Foul Ball, location: 2F
2-2: Strikes out swinging
Pinch Hitting: SHB Addick de Vries 0-0: Fly out, F9 (Flyball, 9, EV 87.5 MPH)
Bottom of the 9th over - 1 run, 1 hit, 0 errors, 1 left on base; Toronto 4 - Houston 3
Thursday, March 31st , 2022 - OOTP Baseball 22.12 Build 89